General information
- name: BNet
- type: Ladder team game (AT/RT)
- host: Battle.net
- saver: dorianspicture
map: Mur'gulOasis
- players: 8
- length: 76:21
- speed: Fast
- version: 1.26 W3XP
- replay type: Public
» download(356 KB)
Players
team 1 (winner)
Iusehumanwell (
yellow | 49 APM | 3707 actions | 76:21)
8 Mountain King
3 Storm Bolt
3 Bash
1 Avatar
1 Thunder Clap
5 Blood Mage
3 Siphon Mana
2 Banish
6 Paladin
3 Holy Light
1 Divine Shield
1 Devotion Aura
1 Resurrection
» actions
| Assign group hotkey | 60 | |
| Basic commands | 76 | |
| Build / train | 85 | |
| Enter build submenu | 23 | |
| Enter hero's abilities submenu | 19 | |
| Give item / drop item | 7 | |
| Right click | 1372 | |
| Select / deselect | 448 | |
| Select group hotkey | 1416 | |
| Use ability | 201 | |
3707 total
» units
| Peasant | 9 | |
| Footman | 7 | |
| Knight | 8 | |
| Flying Machine | 1 | |
| Siege Engine | 4 | |
29 total
» upgrades
| Defend | 1 | |
| Lumber Harvesting | 2 | |
| Animal War Training | 1 | |
| Plating | 2 | |
| Swords | 1 | |
| Barrage | 1 | |
| Gunpowder | 1 | |
9 total
» buildings
| Altar of Kings | 1 | |
| Barracks | 2 | |
| Farm | 11 | |
| Keep | 1 | |
| Lumber Mill | 1 | |
| Arcane Vault | 1 | |
| Castle | 1 | |
| Blacksmith | 1 | |
| Workshop | 2 | |
| Town Hall | 2 | |
23 total
» build order
00:07 Altar of Kings
00:09 Barracks
00:38 Farm
00:54 Farm
01:28 Farm
03:00 Keep
04:02 Lumber Mill
04:04 Arcane Vault
04:06 Farm
05:44 Castle
05:46 Barracks
06:31 Blacksmith
06:57 Farm
08:10 Farm
10:53 Farm
12:03 Farm
12:32 Workshop
13:38 Farm
14:13 Town Hall
14:31 Workshop
18:57 Farm
21:39 Farm
34:18 Town Hall
» items
| Boots of Speed | 1 | |
| Potion of Healing | 5 | |
| Scroll of Regeneration | 1 | |
| Scroll of Town Portal | 2 | |
| Orb of Fire | 1 | |
10 total
llllllllllllllI (
green | 42 APM | 1711 actions | 40:30)
7 Demon Hunter
3 Evasion
3 Mana Burn
1 Metamorphosis
» actions
| Basic commands | 70 | |
| Build / train | 58 | |
| Enter build submenu | 16 | |
| Enter hero's abilities submenu | 7 | |
| Give item / drop item | 6 | |
| Right click | 1014 | |
| Select / deselect | 489 | |
| Use ability | 51 | |
1711 total
» units
| Wisp | 17 | |
| Chimaera | 11 | |
| Hippogryph | 4 | |
32 total
» upgrades
| Ultravision | 1 | |
| Strength of the Wild | 3 | |
| Reinforced Hides | 3 | |
| Nature's Blessing | 1 | |
| Well Spring | 1 | |
| Corrosive Breath | 1 | |
10 total
» buildings
| Moon Well | 7 | |
| Altar of Elders | 1 | |
| Hunter's Hall | 1 | |
| Tree of Ages | 1 | |
| Tree of Eternity | 1 | |
| Ancient of Wind | 2 | |
| Chimaera Roost | 2 | |
| Ancient of Wonders | 1 | |
| Tree of Life | 2 | |
18 total
» build order
00:12 Moon Well
00:17 Altar of Elders
00:51 Moon Well
01:48 Hunter's Hall
02:27 Tree of Ages
04:48 Tree of Eternity
04:51 Ancient of Wind
07:16 Chimaera Roost
07:19 Chimaera Roost
07:29 Moon Well
07:49 Moon Well
07:57 Ancient of Wonders
09:16 Moon Well
12:22 Ancient of Wind
12:29 Tree of Life
13:30 Moon Well
13:42 Moon Well
21:38 Tree of Life
» items
| Boots of Speed | 1 | |
| Orb of Venom | 1 | |
| Potion of Healing | 1 | |
| Scroll of Town Portal | 2 | |
| Staff of Teleportation | 1 | |
6 total
GHETTo_uNDERLOR (
red | 25 APM | 1931 actions | 76:21)
3 Blood Mage
2 Flame Strike
1 Siphon Mana
» actions
| Assign group hotkey | 64 | |
| Basic commands | 110 | |
| Build / train | 91 | |
| ESC pressed | 7 | |
| Enter build submenu | 28 | |
| Enter hero's abilities submenu | 3 | |
| Give item / drop item | 1 | |
| Right click | 839 | |
| Select / deselect | 388 | |
| Select group hotkey | 279 | |
| Use ability | 121 | |
1931 total
» units
| Peasant | 35 | |
| Footman | 13 | |
| Gryphon Rider | 2 | |
| Rifleman | 3 | |
53 total
» upgrades
| Lumber Harvesting | 1 | |
| Swords | 2 | |
| Armor | 1 | |
| Masonry | 1 | |
5 total
» buildings
| Altar of Kings | 1 | |
| Barracks | 1 | |
| Farm | 9 | |
| Scout Tower | 8 | |
| Lumber Mill | 1 | |
| Arcane Tower | 4 | |
| Arcane Vault | 1 | |
| Guard Tower | 3 | |
| Keep | 3 | |
| Blacksmith | 1 | |
| Castle | 1 | |
| Gryphon Aviary | 3 | |
| Town Hall | 1 | |
37 total
» build order
00:23 Altar of Kings
00:51 Barracks
01:01 Farm
01:04 Farm
01:34 Scout Tower
02:00 Farm
02:05 Farm
02:10 Lumber Mill
02:19 Arcane Tower
02:19 Arcane Tower
02:33 Arcane Vault
02:50 Scout Tower
03:20 Guard Tower
03:24 Farm
03:53 Keep
03:54 Keep
03:54 Keep
04:40 Blacksmith
08:39 Scout Tower
09:43 Arcane Tower
09:43 Arcane Tower
11:20 Castle
11:21 Gryphon Aviary
11:22 Gryphon Aviary
11:22 Gryphon Aviary
11:25 Scout Tower
11:26 Scout Tower
11:26 Scout Tower
11:46 Guard Tower
12:54 Guard Tower
15:11 Farm
15:11 Farm
15:11 Farm
15:13 Farm
15:47 Scout Tower
15:47 Scout Tower
18:19 Town Hall
» items
| Scroll of Regeneration | 3 | |
| Lesser Clarity Potion | 8 | |
| Mechanical Critter | 3 | |
| Ivory Tower | 1 | |
| Orb of Fire | 1 | |
16 total
dorianspicture (
blue | 56 APM | 4292 actions | 76:21)
6 Archmage
3 Summon Water Elemental
2 Brilliance Aura
1 Mass Teleport
» actions
| Assign group hotkey | 514 | |
| Basic commands | 470 | |
| Build / train | 135 | |
| Enter build submenu | 77 | |
| Enter hero's abilities submenu | 6 | |
| Give item / drop item | 2 | |
| Remove unit from queue | 1 | |
| Right click | 1581 | |
| Select / deselect | 650 | |
| Select group hotkey | 579 | |
| Use ability | 277 | |
4292 total
» units
| Peasant | 21 | |
| Footman | 4 | |
| Rifleman | 28 | |
| Priest | 10 | |
63 total
» upgrades
| Gunpowder | 3 | |
| Armor | 3 | |
| Lumber Harvesting | 2 | |
| Priest Training | 2 | |
| Long Rifles | 1 | |
| Masonry | 3 | |
| Magic Sentry | 1 | |
| Animal War Training | 1 | |
| Swords | 2 | |
18 total
» buildings
| Altar of Kings | 1 | |
| Barracks | 3 | |
| Farm | 9 | |
| Scout Tower | 68 | |
| Blacksmith | 3 | |
| Arcane Tower | 2 | |
| Arcane Vault | 2 | |
| Keep | 1 | |
| Lumber Mill | 2 | |
| Guard Tower | 20 | |
| Arcane Sanctum | 1 | |
| Castle | 1 | |
| Town Hall | 10 | |
123 total
» build order
00:39 Altar of Kings
00:40 Barracks
00:53 Farm
01:05 Farm
01:07 Farm
01:12 Scout Tower
02:07 Farm
02:15 Blacksmith
02:15 Blacksmith
02:21 Farm
02:34 Arcane Tower
03:18 Arcane Vault
03:21 Arcane Vault
04:10 Farm
05:12 Keep
05:16 Barracks
06:29 Scout Tower
06:30 Scout Tower
06:32 Scout Tower
06:34 Scout Tower
06:37 Lumber Mill
07:40 Guard Tower
07:43 Guard Tower
08:14 Arcane Sanctum
08:44 Farm
08:47 Farm
08:48 Farm
09:25 Castle
13:09 Scout Tower
13:10 Scout Tower
13:11 Scout Tower
13:12 Scout Tower
13:12 Scout Tower
13:15 Town Hall
13:21 Town Hall
13:42 Guard Tower
13:43 Scout Tower
13:44 Scout Tower
13:45 Scout Tower
13:47 Scout Tower
14:23 Guard Tower
15:00 Barracks
17:19 Scout Tower
17:19 Scout Tower
18:44 Lumber Mill
22:10 Scout Tower
22:10 Scout Tower
22:10 Scout Tower
22:11 Scout Tower
22:12 Scout Tower
22:12 Scout Tower
22:13 Scout Tower
22:42 Town Hall
22:55 Scout Tower
22:56 Scout Tower
22:56 Scout Tower
22:56 Scout Tower
22:57 Scout Tower
22:59 Scout Tower
22:59 Scout Tower
23:28 Guard Tower
24:25 Guard Tower
24:30 Town Hall
24:33 Scout Tower
24:33 Scout Tower
24:35 Scout Tower
24:35 Scout Tower
24:35 Scout Tower
24:36 Scout Tower
24:37 Scout Tower
24:37 Scout Tower
24:37 Scout Tower
25:25 Guard Tower
27:37 Town Hall
27:41 Guard Tower
30:56 Town Hall
31:21 Blacksmith
45:18 Town Hall
45:30 Town Hall
49:12 Town Hall
57:54 Scout Tower
57:54 Scout Tower
57:56 Scout Tower
57:58 Scout Tower
58:00 Scout Tower
58:27 Town Hall
59:32 Arcane Tower
60:34 Scout Tower
60:35 Scout Tower
60:36 Scout Tower
60:38 Scout Tower
60:39 Scout Tower
60:41 Scout Tower
60:43 Scout Tower
60:43 Scout Tower
60:44 Scout Tower
60:45 Scout Tower
60:46 Scout Tower
60:46 Scout Tower
60:54 Scout Tower
60:55 Scout Tower
60:56 Scout Tower
60:56 Scout Tower
60:57 Scout Tower
60:58 Scout Tower
60:59 Scout Tower
60:59 Scout Tower
61:00 Scout Tower
61:01 Scout Tower
61:01 Scout Tower
61:01 Scout Tower
61:39 Guard Tower
61:44 Guard Tower
61:46 Guard Tower
62:00 Guard Tower
62:04 Guard Tower
62:05 Guard Tower
62:06 Guard Tower
62:08 Guard Tower
62:31 Guard Tower
62:40 Guard Tower
62:41 Guard Tower
63:18 Guard Tower
» items
| Scroll of Regeneration | 5 | |
| Scroll of Town Portal | 7 | |
| Potion of Invisibility | 1 | |
| Potion of Lesser Invulnerability | 1 | |
| Periapt of Vitality | 1 | |
| Staff of Teleportation | 1 | |
| Potion of Healing | 4 | |
20 total
team 2 (loser)

»
SilentKilla1100 (
pink | 26 APM | 668 actions | 25:31)
6 Death Knight
3 Death Coil
2 Unholy Aura
1 Animate Dead
» actions
| Build / train | 46 | |
| Enter build submenu | 12 | |
| Enter hero's abilities submenu | 6 | |
| Right click | 371 | |
| Select / deselect | 178 | |
| Use ability | 55 | |
668 total
» units
| Acolyte | 3 | |
| Ghoul | 2 | |
| Crypt Fiend | 18 | |
23 total
» upgrades
| Creature Attack | 3 | |
| Creature Carapace | 2 | |
| Web | 1 | |
| Burrow | 1 | |
7 total
» buildings
| Ziggurat | 7 | |
| Altar of Darkness | 1 | |
| Crypt | 1 | |
| Graveyard | 1 | |
| Tomb of Relics | 1 | |
| Spirit Tower | 4 | |
| Halls of the Dead | 1 | |
| Nerubian Tower | 1 | |
| Black Citadel | 1 | |
18 total
» build order
00:16 Ziggurat
00:19 Altar of Darkness
00:35 Crypt
01:09 Graveyard
01:49 Ziggurat
02:30 Ziggurat
02:39 Tomb of Relics
02:59 Spirit Tower
04:26 Halls of the Dead
04:40 Ziggurat
05:51 Spirit Tower
06:29 Nerubian Tower
07:36 Ziggurat
07:38 Black Citadel
11:52 Spirit Tower
12:08 Ziggurat
14:32 Spirit Tower
14:38 Ziggurat
» items
| Orb of Corruption | 1 | |
| Rod of Necromancy | 1 | |
2 total
opssi (
teal | 123 APM | 3000 actions | 24:17)
6 Paladin
3 Holy Light
2 Devotion Aura
1 Resurrection
» actions
| Assign group hotkey | 41 | |
| Basic commands | 44 | |
| Build / train | 61 | |
| ESC pressed | 1 | |
| Enter build submenu | 24 | |
| Enter hero's abilities submenu | 6 | |
| Give item / drop item | 3 | |
| Remove unit from queue | 1 | |
| Right click | 1199 | |
| Select / deselect | 354 | |
| Select group hotkey | 1087 | |
| Use ability | 179 | |
3000 total
» units
| Peasant | 6 | |
| Footman | 14 | |
| Dragonhawk Rider | 8 | |
| Knight | 1 | |
29 total
» upgrades
| Defend | 1 | |
| Swords | 3 | |
| Plating | 1 | |
| Armor | 2 | |
| Animal War Training | 1 | |
8 total
» buildings
| Altar of Kings | 1 | |
| Barracks | 2 | |
| Farm | 12 | |
| Scout Tower | 1 | |
| Arcane Tower | 1 | |
| Arcane Vault | 1 | |
| Lumber Mill | 1 | |
| Keep | 1 | |
| Blacksmith | 1 | |
| Castle | 1 | |
| Gryphon Aviary | 3 | |
| Town Hall | 1 | |
26 total
» build order
00:08 Altar of Kings
00:22 Barracks
00:35 Farm
00:49 Farm
01:28 Scout Tower
01:36 Farm
02:02 Arcane Tower
02:26 Barracks
03:24 Farm
03:31 Arcane Vault
05:19 Farm
05:22 Lumber Mill
07:01 Keep
08:12 Blacksmith
09:26 Castle
11:23 Gryphon Aviary
11:24 Gryphon Aviary
11:29 Gryphon Aviary
13:02 Farm
13:04 Farm
16:49 Farm
16:52 Farm
18:32 Farm
18:51 Farm
18:51 Farm
22:22 Town Hall
» items
| Scroll of Regeneration | 2 | |
| Lesser Clarity Potion | 4 | |
| Boots of Speed | 1 | |
| Scroll of Town Portal | 1 | |
| Scroll of Healing | 1 | |
| Potion of Healing | 2 | |
| Potion of Mana | 2 | |
13 total
Fetus_Stabber (
orange | 42 APM | 1036 actions | 24:27)
6 Mountain King
3 Bash
2 Storm Bolt
1 Avatar
3 Paladin
2 Devotion Aura
1 Holy Light
» actions
| Assign group hotkey | 17 | |
| Basic commands | 87 | |
| Build / train | 55 | |
| Enter build submenu | 18 | |
| Enter hero's abilities submenu | 9 | |
| Right click | 466 | |
| Select / deselect | 255 | |
| Select group hotkey | 76 | |
| Use ability | 53 | |
1036 total
» units
| Peasant | 7 | |
| Footman | 5 | |
| Rifleman | 19 | |
31 total
» upgrades
| Long Rifles | 1 | |
| Defend | 1 | |
| Gunpowder | 2 | |
| Armor | 2 | |
6 total
» buildings
| Altar of Kings | 1 | |
| Farm | 13 | |
| Barracks | 3 | |
| Blacksmith | 2 | |
| Lumber Mill | 1 | |
| Arcane Vault | 1 | |
| Keep | 1 | |
| Castle | 1 | |
| Town Hall | 1 | |
24 total
» build order
00:09 Altar of Kings
00:13 Farm
00:22 Barracks
00:40 Farm
01:22 Farm
01:26 Farm
01:54 Blacksmith
01:56 Blacksmith
02:24 Farm
02:28 Farm
03:19 Lumber Mill
03:49 Barracks
04:44 Arcane Vault
04:59 Keep
05:25 Farm
05:26 Farm
05:28 Farm
05:29 Farm
16:16 Castle
16:56 Barracks
18:08 Farm
18:09 Farm
18:10 Farm
21:48 Town Hall
» items
| Scroll of Regeneration | 4 | |
| Scroll of Town Portal | 1 | |
5 total
Successful (
purple | 51 APM | 3909 actions | 76:21)
3 Blood Mage
2 Flame Strike
1 Siphon Mana
» actions
| Assign group hotkey | 46 | |
| Basic commands | 127 | |
| Build / train | 256 | |
| ESC pressed | 24 | |
| Enter build submenu | 75 | |
| Enter hero's abilities submenu | 3 | |
| Give item / drop item | 3 | |
| Right click | 1829 | |
| Select / deselect | 797 | |
| Select group hotkey | 566 | |
| Use ability | 183 | |
3909 total
» units
| Peasant | 55 | |
| Footman | 11 | |
| Mortar Team | 5 | |
| Siege Engine | 10 | |
| Flying Machine | 8 | |
| Knight | 1 | |
90 total
» upgrades
| Masonry | 3 | |
| Gunpowder | 5 | |
| Armor | 3 | |
| Plating | 3 | |
| Barrage | 1 | |
| Fragmentation Shards | 1 | |
| Flare | 1 | |
| Lumber Harvesting | 1 | |
| Flak Cannons | 1 | |
| Flying Machine Bombs | 1 | |
| Swords | 1 | |
| Unholy Armor | 1 | |
| Unholy Strength | 1 | |
| Cannibalize | 1 | |
| Magic Sentry | 1 | |
25 total
» buildings
| Altar of Kings | 3 | |
| Barracks | 2 | |
| Farm | 10 | |
| Arcane Vault | 1 | |
| Scout Tower | 35 | |
| Arcane Tower | 7 | |
| Lumber Mill | 4 | |
| Guard Tower | 53 | |
| Keep | 7 | |
| Town Hall | 5 | |
| Castle | 6 | |
| Blacksmith | 1 | |
| Workshop | 2 | |
| Cannon Tower | 19 | |
| Arcane Sanctum | 1 | |
156 total
» build order
00:05 Altar of Kings
00:09 Barracks
00:12 Farm
01:02 Farm
02:01 Arcane Vault
02:19 Scout Tower
02:40 Farm
02:45 Arcane Tower
02:45 Arcane Tower
02:46 Arcane Tower
04:16 Lumber Mill
04:18 Scout Tower
04:22 Scout Tower
05:22 Guard Tower
05:23 Guard Tower
07:26 Farm
08:29 Keep
08:29 Keep
09:07 Town Hall
09:09 Town Hall
09:11 Scout Tower
09:12 Scout Tower
09:14 Scout Tower
09:15 Scout Tower
10:50 Castle
10:50 Castle
10:56 Blacksmith
11:37 Workshop
11:38 Workshop
12:04 Scout Tower
12:10 Scout Tower
12:21 Scout Tower
12:39 Guard Tower
12:39 Guard Tower
12:39 Guard Tower
12:44 Guard Tower
12:44 Guard Tower
12:56 Guard Tower
12:57 Guard Tower
12:57 Guard Tower
13:21 Farm
13:25 Farm
13:27 Farm
13:31 Farm
14:03 Farm
18:38 Farm
30:32 Town Hall
34:50 Scout Tower
34:54 Scout Tower
34:55 Scout Tower
34:59 Scout Tower
35:09 Scout Tower
35:26 Guard Tower
35:26 Guard Tower
35:26 Guard Tower
35:40 Guard Tower
35:46 Guard Tower
35:50 Guard Tower
35:50 Guard Tower
36:14 Scout Tower
37:41 Guard Tower
37:59 Scout Tower
38:04 Scout Tower
38:16 Scout Tower
38:33 Guard Tower
38:33 Guard Tower
38:42 Guard Tower
38:43 Guard Tower
38:51 Guard Tower
38:51 Guard Tower
38:51 Guard Tower
39:21 Scout Tower
39:27 Scout Tower
40:17 Scout Tower
41:15 Scout Tower
41:28 Scout Tower
41:58 Guard Tower
41:58 Guard Tower
43:46 Scout Tower
43:47 Scout Tower
43:49 Scout Tower
43:52 Scout Tower
43:54 Scout Tower
44:20 Cannon Tower
44:20 Cannon Tower
44:21 Cannon Tower
44:44 Cannon Tower
44:45 Cannon Tower
45:03 Cannon Tower
45:03 Cannon Tower
45:03 Cannon Tower
45:04 Cannon Tower
45:21 Cannon Tower
45:21 Cannon Tower
45:21 Cannon Tower
45:53 Keep
45:53 Keep
45:53 Keep
46:29 Lumber Mill
46:32 Lumber Mill
47:30 Town Hall
52:51 Scout Tower
52:53 Scout Tower
52:55 Scout Tower
53:00 Scout Tower
53:03 Scout Tower
53:06 Scout Tower
53:28 Lumber Mill
53:41 Cannon Tower
53:41 Cannon Tower
53:49 Arcane Tower
54:13 Altar of Kings
54:16 Altar of Kings
54:33 Guard Tower
54:33 Guard Tower
54:33 Guard Tower
54:36 Guard Tower
54:36 Guard Tower
54:36 Guard Tower
54:37 Guard Tower
54:37 Guard Tower
55:22 Castle
55:22 Castle
56:07 Barracks
57:17 Town Hall
62:01 Arcane Sanctum
» items
| Mechanical Critter | 9 | |
| Lesser Clarity Potion | 2 | |
| Scroll of Town Portal | 6 | |
| Staff of Sanctuary | 1 | |
| Scroll of Regeneration | 1 | |
19 total
Chat log
(00:16 / 10) dorianspicture: if your team hits tell them to hit right side, that's ghetto
(00:18 / Allies) Iusehumanwell: blue hero units?
(00:19 / 10) dorianspicture: I'm left outside
(00:24 / Allies) dorianspicture: am rifles
(00:31 / Allies) Iusehumanwell: ok mk footy shield here
(00:36 / 9) Successful: bot left outside
(00:50 / Allies) Iusehumanwell: red units?
(00:57 / Allies) GHETTo_uNDERLOR: gryphs
(01:05 / Allies) Iusehumanwell: i get kngiht then
(01:22 / 9) Successful: he is walling his choke since it trapped some idiot in a video he made who got raped 2v4 because of it
(01:25 / 10) dorianspicture: teelo has wide open base
(01:30 / 10) dorianspicture: because he's trying to make a choke
(01:34 / 10) dorianspicture: south of his basde
(01:45 / Allies) dorianspicture: wood?
(01:54 / Allies) GHETTo_uNDERLOR: ive got wood here in MY PANTS LAWL
(02:02 / Allies) dorianspicture: clever
(02:18 / Allies) GHETTo_uNDERLOR: stop being a greedy fuck make more lubmer workers
(05:07 / Allies) dorianspicture: I need level 3 first
(05:12 / Allies) GHETTo_uNDERLOR: hes towered up hit the next base along
(06:07 / 9) Successful: was fast expoing and had creeps perfect but faggot peasants went wrong way, forgot about that
(06:45 / 10) dorianspicture: lawl
(06:49 / 10) dorianspicture: teelo is getting assraped
(06:52 / Allies) Iusehumanwell: go
(07:14 / 9) Successful: nothing I can do either since I was practising the fast expo trick lol
(07:15 / Allies) dorianspicture: need help?
(07:17 / Allies) Iusehumanwell: help him dman it
(08:02 / 10) dorianspicture: which one did you expo
(08:06 / 10) dorianspicture: I'm gonna try to get top left
(08:09 / 9) Successful: bot left
(08:27 / 9) Successful: only just have it about to start since I fucked up the first time
(09:00 / 9) Successful: oj creeping bot right one
(09:05 / 10) dorianspicture: tell your team to hit red again
(09:43 / All) Successful: was trying to fast expo and had it being built, dumbfuck pink lures hydras to it
(09:52 / All) GHETTo_uNDERLOR: lol what a tard
(11:13 / 10) dorianspicture: tell your team to hit red
(14:08 / Allies) Iusehumanwell: come
(14:20 / 10) dorianspicture: green top left expo, yellow bot right
(14:22 / Allies) Iusehumanwell: come
(14:33 / 9) Successful: I'm killing pink for ruining my fast expo
(14:39 / Allies) Iusehumanwell: kill hero fast
(15:27 / Allies) dorianspicture: backstabber
(15:29 / Allies) GHETTo_uNDERLOR: you took my expo
(15:36 / Allies) Iusehumanwell: wtf
(15:43 / Allies) dorianspicture: how was it yours
(15:57 / Allies) GHETTo_uNDERLOR: I started creeping it then you stole it
(16:08 / Allies) dorianspicture: wrong I was laredy creeping it
(16:26 / All) GHETTo_uNDERLOR: OMG BLUE AND GREEN ARE BACKSTABBING ME
(16:43 / 10) dorianspicture: well teelo did a number on my towers
(16:46 / All) Successful: Pink is dead now. This faggot hasn't even noticed
(16:58 / All) SilentKilla1100: who cares
(17:02 / All) SilentKilla1100: you bitch too much
(17:19 / All) Successful: You denied my expo by getting mechanical critters killed
(17:24 / All) Successful: you killed them stuck in the trees
(17:25 / All) SilentKilla1100: ooooohhhhh
(17:30 / All) Successful: and then backed out becasue the lvl 10 hydra is too much
(17:37 / All) Successful: you didn't even notice the critters
(17:37 / All) SilentKilla1100: soooo sad
(17:51 / All) SilentKilla1100: you couldnt build an expo
(17:55 / All) SilentKilla1100: poor critters
(17:58 / 10) dorianspicture: did your team kill you
(18:05 / 9) Successful: no, I killed pink
(18:11 / 9) Successful: my team hasn't touched me other than pink fucking with my expo
(18:14 / All) SilentKilla1100: you finally got SOMETHING after this whole game
(18:18 / 9) Successful: anywhere I can hit? still lvl 1 BM LOl
(18:21 / All) SilentKilla1100: camped at base lmao
(18:22 / 9) Successful: spent all my time killing pink
(18:28 / All) SilentKilla1100: and it was to kill me on top of that
(18:33 / All) Successful: yes.
(18:38 / All) SilentKilla1100: so dont talk
(18:41 / All) SilentKilla1100: bum
(18:57 / All) Successful: I'll stop talking when you learn what a mechanical critter is.
(19:27 / All) SilentKilla1100: 1k games on my belt
(19:34 / All) SilentKilla1100: so fuck your corny trick
(19:40 / Allies) dorianspicture: GO GREAEN
(19:47 / All) Successful: and you still don't know what a mechanical critter is.
(20:45 / 9) Successful: halled my team
(22:37 / All) SilentKilla1100: lol tanks are worthless
(22:39 / 9) Successful: oj is rebuilding his main
(22:42 / All) SilentKilla1100: purp killed us already
(22:47 / All) Successful: they're actually really overpowered in 4v4.
(22:53 / All) Successful: you're 1000 games played and barely above 50%.
(22:56 / All) Successful: that is nothing to be proud of.4
(22:59 / All) GHETTo_uNDERLOR: burn
(23:30 / All) SilentKilla1100: hmm, a tker is trying to speak?
(23:53 / All) Successful: I know what a mechanical critter is and I've probably only played 400 games all time.
(24:04 / All) SilentKilla1100: ohhh a mechanical critterrrr
(24:18 / 10) dorianspicture: i need level 6 so bad lalw
(24:26 / 9) Successful: I still need lvl 3 lol
(24:56 / All) SilentKilla1100: just a quick note to your "burn", if it were not for tkers, i'd probably be at .800+
(25:16 / All) SilentKilla1100: buttt, i'll let you feel proud of your, "mechanical critters"
(25:16 / All) Iusehumanwell: FYI
(25:16 / All) Successful: then that amount of your wins are bad too, faggot
(25:21 / All) Iusehumanwell: you don't see red alot in this game
(25:27 / All) Iusehumanwell: cause he fucked up and we kilil him
(26:04 / Allies) dorianspicture: wtf green
(26:05 / All) Iusehumanwell: purple
(26:08 / 9) Successful: making copters
(26:09 / Allies) dorianspicture: if you wanted that one you could have just asked
(26:11 / All) Successful: Yeah, buddy?
(26:14 / All) Iusehumanwell: you have successfully lose this game
(26:21 / All) Iusehumanwell: gg
(26:21 / All) Successful: Alright, buddy.
(26:32 / All) Successful: Whatever you say.
(26:35 / 10) dorianspicture: green is stabbing me
(26:42 / 9) Successful: good
(26:47 / Allies) dorianspicture: yellow kill green he is stabbing
(26:50 / 9) Successful: oh you?
(26:53 / 9) Successful: shit, do you have it?
(27:03 / Allies) GHETTo_uNDERLOR: now dont you feel stupid for killing me? now I can't help you!
(27:12 / 10) dorianspicture: he is air I'm rifles
(27:26 / 9) Successful: I got copters want me to come?
(27:27 / 9) Successful: where
(27:28 / 10) dorianspicture: kill reds old base
(27:52 / Allies) dorianspicture: yellow help me
(27:58 / Allies) dorianspicture: or green wil lget you next
(28:01 / All) Iusehumanwell: poor red
(28:05 / Allies) dorianspicture: my basde
(28:06 / Allies) dorianspicture: my base
(28:07 / Allies) dorianspicture: my base
(28:10 / 10) dorianspicture: my base
(28:11 / 10) dorianspicture: my base
(28:15 / 10) dorianspicture: go to my base and kill chims
(29:03 / Allies) dorianspicture: lol @ dumbass purple
(29:14 / Allies) dorianspicture: well just wasted tp
(29:27 / Allies) dorianspicture: my nerves are shot man
(29:51 / Allies) dorianspicture: yellow kill his hero
(30:08 / Allies) GHETTo_uNDERLOR: incase you didnt realise, yellow and green are together
(30:14 / Allies) GHETTo_uNDERLOR: and me and purp are together
(30:26 / Allies) dorianspicture: yellow your with green?
(30:33 / Allies) GHETTo_uNDERLOR: its obvious
(30:37 / 10) dorianspicture: if yellow is with green we're fucked
(30:42 / 9) Successful: got no income taking pink's old base, 4k is decent
(30:47 / Allies) Iusehumanwell: ok
(30:49 / Allies) Iusehumanwell: then kill him
(30:52 / Allies) Iusehumanwell: i don't care
(30:56 / Allies) Iusehumanwell: i want gg
(31:00 / Allies) Iusehumanwell: I don't care about wins
(31:02 / Allies) dorianspicture: kill green's hero
(31:30 / 9) Successful: help
(32:31 / 10) dorianspicture: i need level 6
(32:38 / 9) Successful: kill my tanks then
(33:01 / 9) Successful: trapped him, pro
(33:02 / All) Successful: trapped
(33:09 / All) Iusehumanwell: you are pathetic
(33:26 / 10) dorianspicture: wow so close to level 6
(33:52 / 9) Successful: you killing him or no?
(34:42 / 9) Successful: My base dies? Are you sure you've got it all under control? My team doesn't have much
(35:06 / 10) dorianspicture: i'll kill yellow beacsue teelo said he and green were together
(35:17 / 7) dorianspicture: are you sure green and yellow are together?
(35:32 / 9) Successful: they found my expo
(35:33 / 9) Successful: kill the tanks
(35:38 / 10) dorianspicture: teelo so gullible
(35:55 / All) Successful: wtf
(35:57 / All) Successful: backstabber?
(36:08 / All) dorianspicture: yellow and green are working together
(36:22 / Allies) Iusehumanwell: then let kill him
(36:27 / Allies) GHETTo_uNDERLOR: greens hero is back out
(36:52 / 9) Successful: my base
(37:27 / 9) Successful: help
(37:54 / All) Successful: Nice try, yellow.
(38:52 / 9) Successful: my base
(38:53 / Allies) GHETTo_uNDERLOR: should've tp'ed to greens wells
(39:39 / Allies) dorianspicture: you aren't getting over on me faggot green and yellow
(39:41 / 9) Successful: he is still there
(41:08 / 9) Successful: still a mk
(41:46 / 9) Successful: god dammit
(42:21 / 9) Successful: blue saved me so many times, wow
(42:25 / 9) Successful: wrong chat
(42:55 / 9) Successful: I wonder when teelo will catch on
(42:57 / 9) Successful: if he ever will
(43:00 / All) dorianspicture: I don't like yellow, I don't like red
(43:04 / All) dorianspicture: I hated green
(43:16 / All) dorianspicture: I want to win but I hate my team so fucking much
(43:17 / All) GHETTo_uNDERLOR: I didn't like you either.
(44:03 / All) dorianspicture: I'm not winning until my team leaves
(45:24 / 10) dorianspicture: what do you have
(45:39 / 9) Successful: just that expo you had to save, 4 cannon towers
(45:45 / 9) Successful: 2 farms, a workshop
(45:47 / 10) dorianspicture: this was really close
(45:52 / 9) Successful: yeah
(45:58 / 10) dorianspicture: because i had no air units
(46:09 / 9) Successful: you did all the work. I only killed my team which was easy, they were preoccupied with green while I stabbed
(46:11 / 9) Successful: with workshop units
(46:13 / 9) Successful: for pink's faggotry
(46:35 / 10) dorianspicture: was also close when teelo tried to kill my expo, then your team did
(47:16 / 9) Successful: would have been a smooth game if pink didn't attract the hydras to kill my expo
(47:32 / 10) dorianspicture: if I hadn't got mass tp we wouldn't have came out on top
(48:02 / 10) dorianspicture: orange focused me which casued me to miss out on a good bit of exp plus I was away from my teammates killing units
(48:13 / 10) dorianspicture: i had to run from orange is why
(48:19 / 10) dorianspicture: what is teelo saying
(48:34 / 9) Successful: "looks like blue is afk in the middle now, just has 62/100 rifles"
(48:41 / 9) Successful: most recently
(48:43 / 9) Successful: he is oblivious
(49:21 / 9) Successful: I got bot right natural expo
(49:31 / 10) dorianspicture: kill my rifle if you have units
(49:36 / 9) Successful: no units
(49:42 / 10) dorianspicture: can't move it away
(49:46 / 9) Successful: why
(49:50 / 10) dorianspicture: because teelo is watching
(49:58 / 10) dorianspicture: it will be obvious we're working together
(50:11 / 9) Successful: I can afford 1 mortar team to kill it
(50:48 / Allies) dorianspicture: I'm taking your base red, you've neglected the land
(51:05 / Allies) dorianspicture: with a few renovations I think I can make this dump livable again
(51:36 / 10) dorianspicture: my rifle would have won that battle lawl
(51:47 / 10) dorianspicture: i'm not controlling it at all
(52:11 / 10) dorianspicture: the ai is so weird
(52:19 / 9) Successful: FUCK I attack moved and it suicided
(52:32 / All) Successful: that was close as hell wow
(52:37 / All) Successful: didn't lose on peasant somehow
(52:39 / 10) dorianspicture: rifles are tough
(52:40 / All) Successful: only the mortar team
(52:45 / 9) Successful: yeah wtf
(52:50 / All) GHETTo_uNDERLOR: dont think blue really cares
(52:52 / 10) dorianspicture: 3/3 rifles with inner fire rape
(53:12 / All) Successful: Is he even still there?
(53:14 / 10) dorianspicture: with am level 6 this is a great, easily replacable army
(53:18 / All) GHETTo_uNDERLOR: yes he is
(53:27 / All) GHETTo_uNDERLOR: no he wanted my team to leave
(53:46 / All) Successful: yellow is still here
(55:33 / 9) Successful: He's pointing out that you are making more units
(55:36 / 9) Successful: and that you are 81/100
(56:01 / Allies) dorianspicture: you're in the ghetto
(56:05 / Allies) dorianspicture: the hall is where the rich folk live
(56:14 / All) GHETTo_uNDERLOR: the-ghetto.org
(56:22 / Allies) dorianspicture: if you undesireables leave the ghetto you will be hanged
(58:07 / 10) dorianspicture: does he want you to attack my hall in his base
(58:19 / 9) Successful: he mentioned it but I have no units to
(58:27 / 9) Successful: I'll harass it with my bm k?
(58:34 / 10) dorianspicture: k and I'll mass tp
(58:46 / 10) dorianspicture: how shall we go about this
(60:00 / All) dorianspicture: busy bee
(60:12 / 9) Successful: was my last running expo, only just finished
(60:55 / 9) Successful: he said I should fuck you over by leaving
(60:59 / 9) Successful: so yellow gets the win
(61:04 / 9) Successful: what should I say?
(61:14 / 10) dorianspicture: say you don't want yellow to win
(61:22 / 10) dorianspicture: he was a fag that attacked you all game
(62:13 / All) dorianspicture: if yellow doesn't leave in 10 minutes
(62:19 / All) dorianspicture: I am just gonna kill my team off
(62:30 / All) GHETTo_uNDERLOR: go ahead, we dont want yellow to win either
(62:37 / All) Successful: ^ ^ ^ ^ ^
(62:38 / All) GHETTo_uNDERLOR: and you're on a smurf account
(62:50 / All) GHETTo_uNDERLOR: so just kill all our buildings off so yellow loses
(63:00 / All) dorianspicture: I gave him a 10 minute deadline
(63:02 / All) dorianspicture: I will stick by it
(63:15 / All) GHETTo_uNDERLOR: what difference does it make if he leaves or loses
(63:29 / All) dorianspicture: because I want to be 1-0
(63:32 / All) GHETTo_uNDERLOR: yellow is the only one here with a record, the rest of us are on smurf accounts
(63:43 / All) dorianspicture: if I can get to 2-0 I can join a clan
(63:52 / 9) Successful: lol
(63:55 / All) GHETTo_uNDERLOR: must be a really terrible clan
(64:16 / All) dorianspicture: I am ardently in love with the clan chieftess
(64:35 / All) dorianspicture: she is the apple of my eyes, my bright and shining star of love
(64:49 / All) dorianspicture: Udine, naiad! OH how she takes my breath away
(65:21 / All) dorianspicture: She is a big beautiful woman as well, and I love women with some meat on their bones
(65:31 / All) Successful: Do you like older women, too?
(65:37 / All) dorianspicture: How old?
(65:42 / All) dorianspicture: Over 50? ICK!
(65:52 / All) Successful: 70+
(65:58 / All) dorianspicture: No way Jose
(66:08 / All) Successful: What about obese women?
(66:15 / All) dorianspicture: some big women are beautiful
(66:22 / All) Successful: 500+ pound women?
(66:31 / All) dorianspicture: like the clan chieftess of AOK
(66:40 / All) Successful: How much does she weigh?
(66:41 / All) dorianspicture: she is a healthy 200 lbs I'd say
(66:56 / All) Successful: Healthy and 200 lbs? lol
(67:05 / All) dorianspicture: You find that funny?
(67:16 / All) Successful: Yes.
(67:18 / All) dorianspicture: She has large breasts, and a thick meaty ass
(67:31 / All) Successful: She'll also die at 50.
(67:40 / All) dorianspicture: Well we can't live forever anyway
(67:46 / All) Successful: Why not?
(67:56 / All) dorianspicture: Because thems the breaks
(68:06 / 10) dorianspicture: what is teelo saying
(68:17 / 9) Successful: nothing recently
(68:20 / Allies) dorianspicture: Yellow gtfo already
(68:30 / Allies) dorianspicture: You're trying to doom my relationship before it even begins?
(69:04 / 9) Successful: reveal just above that
(69:06 / 9) Successful: peon racing
(69:56 / Allies) dorianspicture: time to bulldoze this ghetto
(72:14 / 10) dorianspicture: have teelo upload
(72:20 / 10) dorianspicture: so I can see green's stats
(74:03 / Allies) GHETTo_uNDERLOR: you forgot those
(74:16 / Allies) dorianspicture: No I didn't but thanks for the assistance, noted and appreciated
(75:15 / All) dorianspicture: why do priests shoot magical doves as their weapon
(75:23 / All) dorianspicture: not very peaceful, not very peaceful at all
(75:33 / All) GHETTo_uNDERLOR: they're hawks actually
(75:42 / All) dorianspicture: are you some kind of lore export
(75:45 / All) dorianspicture: expert sorry
(75:59 / All) GHETTo_uNDERLOR: I have 14000 achievement points in WoW, don't mess with me